 Dungeon Crawl Stone Soup version 0.26-a0-490-gf8362a0c98 (webtiles) character file.

Game seed: 10766877268098338881

51 ANON1729 the Sneak (level 3, -1/31 HPs)
             Began as a Palentonga Delver on Aug 4, 2020.
             Slain by Sigmund
             ... wielding a +3 antimagic scythe
              (10 damage)
             ... on level 3 of the Dungeon.
             The game lasted 00:02:46 (1852 turns).

ANON1729 the Sneak (Palentonga Delver)              Turns: 1852, Time: 00:02:47

Health: -1/31      AC:  4    Str: 16    XL:     3   Next: 58%
Magic:  0/3        EV: 10    Int: 10    God:
Gold:   85         SH:  0    Dex: 11    Spells: 2/2 levels left

rFire    . . .     SeeInvis +   a - +0 falchion
rCold    . . .     Faith    .   (no shield)
rNeg     . . .     Spirit   .   b - +0 leather armour
rPois    .         Reflect  .   (no helmet)
rElec    .         Harm     .   h - scarf {repulsion}
rCorr    .                      (no gloves)
MR       .....                  (boots restricted)
Stlth    ++........             (no amulet)
HPRegen  0.10/turn              (no ring)
MPRegen  0.08/turn              (no ring)

@: repel missiles
A: large, rugged brown scales 3, see invisible, deformed body, roll, armoured
tail
a: Rolling Charge


You were on level 3 of the Dungeon.
You visited 1 branch of the dungeon, and saw 4 of its levels.

You collected 85 gold pieces.

Inventory:

Hand Weapons
 a - a +0 falchion (weapon)
Armour
 b - a +0 leather armour (worn)
 h - a scarf of repulsion (worn)
Wands
 g - a wand of digging (3)
 p - a wand of flame (11)
Scrolls
 c - a scroll of fog
 d - 2 scrolls of magic mapping
 e - a scroll of fear
 m - a scroll of teleportation {unknown}
 o - 4 scrolls of identify {unknown}
Potions
 f - 2 potions of haste
 i - a potion of lignification {unknown}
 j - a potion of degeneration {unknown}
 k - 2 potions of curing {unknown}
 l - a potion of stabbing {unknown}
 n - a potion of heal wounds {unknown}


   Skills:
 + Level 3.4 Fighting
 + Level 2.6 Long Blades
 + Level 2.1 Dodging
 + Level 3.6 Stealth


You had 2 spell levels left.
You didn't know any spells.
Your spell library contained the following spells:

 Spells                   Type           Power        Failure   Level
 Summon Demon             Summ           #.........   100%        5
 Summon Forest            Summ/Tloc      #.........   100%        5
 Summon Mana Viper        Hex/Summ       #.......     100%        5
 Shadow Creatures         Summ           N/A          100%        6
 Summon Hydra             Summ           #.........   100%        7


Dungeon Overview and Level Annotations

Branches:
Dungeon (5/15)
 Temple: D:4-7

Altars:
Makhleb
Vehumet
Xom

Annotations:
D:3 Sigmund


Innate Abilities, Weirdness & Mutations

You are completely covered in rugged brown scales. (AC +3, +7% HP)
You have supernaturally acute eyesight. (SInv)
Armour fits poorly on your strangely shaped body.
You can roll at foes to attack.
You have a long armoured tail.


Message History

You are too injured to fight recklessly!
You are too injured to fight recklessly!
You are too injured to fight recklessly!
You are too injured to fight recklessly!
You are too injured to fight recklessly!
You are too injured to fight recklessly!
You are too injured to fight recklessly!
You are too injured to fight recklessly!
You are too injured to fight recklessly!
You are too injured to fight recklessly!
You are too injured to fight recklessly!
You are too injured to fight recklessly!
You are too injured to fight recklessly!
You are too injured to fight recklessly!
You are too injured to fight recklessly!
You are too injured to fight recklessly!
You are too injured to fight recklessly!
There is a stone staircase leading up here.
Sigmund hits you from afar with a +3 antimagic scythe!
You die...

##. #..
#.. #.#
#.#####
#.....#
#..@..#
#>....#
#@....#
#.....#
####...##
#..[...#
#.##...#
#.######
#)# #.#
##.##


You could see Sigmund.

Vanquished Creatures
  A bullfrog skeleton (D:5)
  An adder (D:2)
  A worm (D:2)
  A leopard gecko (D:2)
  A goblin (D:2)
  4 hobgoblins
  A ball python (D:4)
  A kobold (D:2)
  2 rats (D:2)
13 creatures vanquished.

Notes
Turn   | Place    | Note
-------+----------+-------------------------------------------
     0 | D:5      | ANON1729 the Palentonga Delver began the quest for the Orb.
     0 | D:5      | Reached XP level 1. HP: 19/19 MP: 1/1
    68 | D:5      | Reached XP level 2. HP: 9/25 MP: 2/2
   265 | D:5      | Noticed a scorpion
   431 | D:3      | Reached XP level 3. HP: 31/31 MP: 3/3
   444 | D:3      | Noticed Sigmund
  1268 | D:2      | Found a burning altar of Makhleb.
  1318 | D:2      | Found a shattered altar of Ashenzari.
  1320 | D:2      | Found a shimmering altar of Xom.
  1320 | D:2      | Found a sacrificial altar of Ru.
  1320 | D:2      | You fall into a shaft and drop 1 floor!
  1340 | D:3      | Found a radiant altar of Vehumet.
  1735 | D:2      | Found a shattered altar of Ashenzari.
  1735 | D:2      | Found an iron altar of Okawaru.
  1735 | D:2      | Found a shattered altar of Ashenzari.
  1852 | D:3      | Slain by Sigmund

Illustrated notes

Levels and vault maps discovered:
D:2:      layout_rooms, bloody_makhleb, doesnt_xom_only_xom, patterned_corridor
D:3:      layout_loops_ring, fiery_altar_vehumet, uniq_sigmund
D:4:      layout_basic
D:5:      layout_gridville, kennysheep_mini, temple_green, minmay_pentangle

Skill      XL: |  1 |
---------------+----+-----
Dodging        | 2 |  2.1
Fighting       | |  3.4
Long Blades    | |  2.6
Stealth        | |  3.6

Action                   || total
-------------------------++-------
Melee: Falchion          ||    58
       Tailslap          ||     4
 Stab: Sleeping          ||     3
Armor: Leather armour    ||    11
Dodge: Dodged            ||    31
       Rpst.: Falchion   ||     7

Table legend: (Time is in decaauts)
 A = Elapsed time spent in this place.
 B = Non-inter-level travel time spent in this place.
 C = Inter-level travel time spent in this place.
 D = Time resting spent in this place.
 E = Time spent auto-exploring this place.
 F = Levels seen in this place.
 G = Mean time per level.
                   A        B        C        D        E       F      G
               +--------+--------+--------+--------+--------+-----+--------+
         Total |   1863 |   1799 |     64 |    984 |    549 |   4 |  465.8 |
       Dungeon |   1863 |   1799 |     64 |    984 |    549 |   4 |  465.8 |
               +--------+--------+--------+--------+--------+-----+--------+

Top non-repeatable levels by time:
     D:2: 1359 daAuts
     D:5: 291 daAuts
     D:4: 125 daAuts
     D:3: 86 daAuts
